 Dungeon Crawl Stone Soup version 0.31-a0-656-gb4d89c20fa (webtiles) character file.

Game seed: 2617575917177113077

302 cforsyth the Charlatan (level 6, -3/47 HPs)
             Began as a Gnoll Artificer on Aug 30, 2023.
             Was an Initiate of Hepliaklqana.
             Killed from afar by Dowan (12 damage)
             ... with a puff of frost
             ... on level 4 of the Dungeon.
             The game lasted 00:03:10 (3015 turns).

cforsyth the Charlatan (Gnoll Artificer)            Turns: 3015, Time: 00:03:10

Health: -3/47      AC:  6    Str: 17    XL:     6   Next: 37%
Magic:  18/18      EV: 12    Int: 12    God:    Hepliaklqana [......]
Gold:   210        SH:  0    Dex: 13    Spells: 9/9 levels left

rFire   . . .        q - +5 dagger of Rorr {spect, Will+ MP+9}
rCold   . . .        (no shield)
rNeg    . . .        b - +0 leather armour
rPois   +            (no helmet)
rElec   .            x - +0 cloak
rCorr   .            y - +0 pair of gloves
SInv    .            (no boots)
Will    +....        (no amulet)
Stlth   ++           w - +6 ring of strength
HPRegen 0.27/turn    A - ring of poison resistance
MPRegen 0.16/turn

%: no passive effects
@: no status effects
A: fangs 1, strong nose, distributed training
a: Renounce Religion


You were on level 4 of the Dungeon.
You worshipped Hepliaklqana.
Hepliaklqana was noncommittal.
You visited 1 branch of the dungeon, and saw 4 of its levels.

You collected 210 gold pieces.

Inventory:

Hand Weapons
 a - a +0 club
 q - the +5 dagger of Rorr (weapon) {spect, Will+ MP+9}
   (You found it on level 2 of the Dungeon)

   Will+:     It increases your willpower.
   MP+9:      It affects your magic capacity (+9).
Armour
 b - a +0 leather armour (worn)
 x - a +0 cloak (worn)
 y - a +0 pair of gloves (worn)
Jewellery
 w - a +6 ring of strength (left hand)
 A - a ring of poison resistance (right hand)
 B - a ring of fire
Wands
 c - a wand of flame (10) (quivered)
 d - a wand of charming (15)
 e - a wand of iceblast (5)
 u - a wand of mindburst (19)
Scrolls
 g - 2 scrolls of teleportation {unknown}
 i - 2 scrolls of immolation {unknown}
 k - 2 scrolls of identify {unknown}
 l - a scroll of revelation {unknown}
 m - a scroll of fear {unknown}
 n - a scroll of vulnerability {unknown}
 o - a scroll of poison {unknown}
 r - a scroll of acquirement {unknown}
 s - a scroll of summoning {unknown}
 t - a scroll of enchant weapon {unknown}
Potions
 f - 2 potions of heal wounds {unknown}
 h - 4 potions of mutation {unknown}
 j - 4 potions of curing {unknown}
 p - a potion of magic {unknown}
 v - a potion of attraction {unknown}
 z - 3 potions of brilliance {unknown}


   Skills:
 + Level 3.2 Fighting
 + Level 2.0 Short Blades
 + Level 2.0 Long Blades
 + Level 2.0 Axes
 + Level 2.0 Maces & Flails
 + Level 2.0 Polearms
 + Level 2.0 Staves
 + Level 2.0 Ranged Weapons
 + Level 2.0 Throwing
 + Level 5.0 Armour
 + Level 3.2 Dodging
 + Level 3.1 Stealth
 + Level 2.0 Shields
 + Level 2.0 Unarmed Combat
 + Level 2.0 Spellcasting
 + Level 1.5 Conjurations
 + Level 1.5 Hexes
 + Level 1.5 Summonings
 + Level 1.5 Necromancy
 + Level 1.5 Translocations
 + Level 1.5 Transmutations
 + Level 1.5 Fire Magic
 + Level 1.5 Ice Magic
 + Level 1.5 Air Magic
 + Level 1.5 Earth Magic
 + Level 1.5 Poison Magic
 + Level 2.2 Invocations
 + Level 6.8 Evocations
 + Level 1.8 Shapeshifting


You had 9 spell levels left.
You didn't know any spells.
Your spell library contained the following spells:

 Spells                   Type           Power      Damage    Failure   Level
 Apportation              Tloc           10%        N/A       17%         1
 Necrotise                Necr           20%        1d5       17%         1
 Sting                    Tmut/Pois      20%        1d4       17%         1
 Summon Small Mammal      Summ           20%        N/A       17%         1
 Poisonous Vapours        Pois/Air       10%        N/A       26%         2
 Olgreb's Toxic Radiance  Pois           5%         N/A       86%         4
 Malign Gateway           Summ/Tloc      2%         N/A       100%        7
 Summon Horrible Things   Summ           2%         N/A       100%        8


Dungeon Overview and Level Annotations

Branches:
Dungeon (4/15)
 Temple: D:4-7

Altars:
Ashenzari
Elyvilon
Fedhas
Gozag
Hepliaklqana
Kikubaaqudgha
Qazlal
Ru
Zin

Annotations:
D:4 1 runed translucent door, Crazy Yiuf, Dowan, Duvessa


Innate Abilities, Weirdness & Mutations

You have very sharp teeth.
Your uncanny sense of smell can sniff out nearby items.
Your experience applies equally to all skills.


Message History

No target in view!
No target in view!
Your +5 dagger of Rorr {spect, Will+ MP+9} disappears.
You now have 210 gold pieces (gained 11).
Things that are here:
a +0 short sword; 2 stones Duvessa and Dowan come into view.
Duvessa is wielding a +5 short sword of protection.
Duvessa shouts!
You hear a shout!
There are monsters nearby!
There are monsters nearby!
There are monsters nearby!
There are monsters nearby!
Aiming: Iceblast
Press: ? - help, Shift-Dir - straight line
Okay, then.
Okay, then.
The puff of flame hits Duvessa.
Duvessa is lightly wounded.
A goblin comes into view. It is wielding a +0 club.
The puff of flame hits Duvessa.
Duvessa is moderately wounded.
The goblin shouts!
The puff of flame hits Duvessa.
Duvessa is heavily wounded.
Dowan points at Duvessa and mumbles some strange words.
Duvessa seems to speed up.
You hear a shout!
The puff of flame misses Duvessa.
Duvessa hits you with a +5 short sword of protection.
Duvessa hits you with a +5 short sword of protection!
The puff of flame hits Duvessa but does no damage.
Duvessa is heavily wounded.
Duvessa hits you with a +5 short sword of protection!
A kobold comes into view. It is wielding a +0 short sword.
Duvessa hits you with a +5 short sword of protection!
* * * LOW HITPOINT WARNING * * *
Dowan gestures at you while chanting. The puff of frost hits you!
You die...

#...........# #......
#...........# #......
#######.#.#.# #.#.###
#.#.#.##########....##
#.#...##.........#.##.
#.##..##.#######.#.##.
#.#...##.#.....#.#..'.
#####.#.e.##.#.###.#.#.##.
.....e...@...#.###.#.#.##.
.................#.#.#..##
.......####....###.#<#....
..K.... ##..## #.#.#....
....... ♣....♣ #...#....
.....## ♣♣...♣ ###.#>...
..... ♣♣.♣♣ #.#.... ....
♣♣.♣ #.#.... .... ♣.♣♣
#.#....


You could see Duvessa (fast), Dowan and a kobold.

Vanquished Creatures
  An ogre (D:4)
  A howler monkey (D:4)
  A hound (D:4)
  2 iguanas
  2 adders
  A worm (D:3)
  2 dart slugs
  8 orcs
  6 ball pythons
  4 bats
  4 endoplasms
  5 giant cockroaches
  6 hobgoblins
  A quokka (D:1)
  8 frilled lizards
  10 goblins
  6 kobolds
  5 rats
  A spectral goblin (D:4)
74 creatures vanquished.

Notes
Turn   | Place    | Note
-------+----------+-------------------------------------------
     0 | D:1      | cforsyth the Gnoll Artificer began the quest for the Orb.
     0 | D:1      | Reached XP level 1. HP: 17/17 MP: 1/1
   222 | D:1      | Reached XP level 2. HP: 23/23 MP: 2/2
   826 | D:2      | Reached XP level 3. HP: 26/28 MP: 3/3
  1039 | D:2      | Identified the +5 dagger of Rorr {spect, Will+ MP+9}
  1326 | D:2      | Reached skill level 1 in Invocations
  1624 | D:3      | Found a white marble altar of Elyvilon.
  1662 | D:3      | Found an ancient bone altar of Kikubaaqudgha.
  1673 | D:3      | Reached skill level 1 in Short Blades
  1673 | D:3      | Reached skill level 1 in Long Blades
  1673 | D:3      | Reached skill level 1 in Axes
  1673 | D:3      | Reached skill level 1 in Maces & Flails
  1673 | D:3      | Reached skill level 1 in Polearms
  1673 | D:3      | Reached skill level 1 in Staves
  1673 | D:3      | Reached skill level 1 in Ranged Weapons
  1673 | D:3      | Reached skill level 1 in Throwing
  1673 | D:3      | Reached skill level 1 in Shields
  1673 | D:3      | Reached skill level 1 in Unarmed Combat
  1673 | D:3      | Reached skill level 1 in Spellcasting
  1673 | D:3      | Reached skill level 1 in Shapeshifting
  1673 | D:3      | Reached XP level 4. HP: 22/34 MP: 5/5
  1806 | D:3      | Found a faded altar of an unknown god.
  1815 | D:3      | Reached skill level 1 in Conjurations
  1815 | D:3      | Reached skill level 1 in Hexes
  1815 | D:3      | Reached skill level 1 in Summonings
  1815 | D:3      | Reached skill level 1 in Necromancy
  1815 | D:3      | Reached skill level 1 in Translocations
  1815 | D:3      | Reached skill level 1 in Transmutations
  1815 | D:3      | Reached skill level 1 in Fire Magic
  1815 | D:3      | Reached skill level 1 in Ice Magic
  1815 | D:3      | Reached skill level 1 in Air Magic
  1815 | D:3      | Reached skill level 1 in Earth Magic
  1815 | D:3      | Reached skill level 1 in Poison Magic
  1866 | D:3      | Found an opulent altar of Gozag.
  2016 | D:3      | Found a sacrificial altar of Ru.
  2183 | D:4      | Found a glowing silver altar of Zin.
  2280 | D:4      | Noticed an ogre
  2288 | D:4      | Killed an ogre
  2289 | D:4      | Reached XP level 5. HP: 11/41 MP: 7/7
  2442 | D:4      | Found a runed translucent door.
  2443 | D:4      | Noticed Crazy Yiuf
  2495 | D:4      | Reached XP level 6. HP: 47/47 MP: 8/8
  2526 | D:4      | Found a stormy altar of Qazlal.
  2544 | D:4      | Found a broken altar of Ashenzari.
  2596 | D:4      | Found a blossoming altar of Fedhas.
  2801 | D:4      | Reached skill level 5 in Armour
  2830 | D:4      | Found a hazy altar of Hepliaklqana.
  2844 | D:4      | Became a worshipper of Hepliaklqana the Forgotten
  3007 | D:4      | Noticed Duvessa
  3007 | D:4      | Noticed Dowan
  3015 | D:4      | Killed from afar by Dowan

Illustrated notes

Levels and vault maps discovered:
D:1:      ncdulo_watergridlock, layout_loops_cross,
          corexii_item_surrounded_by_moat, minmay_lizard_king
D:2:      layout_loops_ring
D:3:      layout_basic, mainiacjoe_overflow_six_doors_small,
          hangedman_ru_absence, mainiacjoe_overflow_catch_the_wave,
          shapermc_ecumenical_altar_totnotflames
D:4:      layout_basic, nicolae_ashenzari_skybound, fedhas_altar_4,
          kennysheep_little_box, mainiacjoe_overflow_cross_hatched,
          nicolae_hepliaklqana_monster_ancestors, minivault_14, uniq_duvessa,
          uniq_crazy_yiuf_cottage

Skill      XL: |  1  2  3  4  5  6 |
---------------+-------------------+-----
Invocations    | 1 2 |  2.2
Short Blades   | 1 2 |  2.0
Long Blades    | 1 2 |  2.0
Axes           | 1 2 |  2.0
Maces & Flails | 1 2 |  2.0
Polearms       | 1 2 |  2.0
Staves         | 1 2 |  2.0
Ranged Weapons | 1 2 |  2.0
Throwing       | 1 2 |  2.0
Shields        | 1 2 |  2.0
Unarmed Combat | 1 2 |  2.0
Spellcasting   | 1 2 |  2.0
Shapeshifting  | 1 |  1.8
Conjurations   | 1 |  1.5
Hexes          | 1 |  1.5
Summonings     | 1 |  1.5
Necromancy     | 1 |  1.5
Translocations | 1 |  1.5
Transmutations | 1 |  1.5
Fire Magic     | 1 |  1.5
Ice Magic      | 1 |  1.5
Air Magic      | 1 |  1.5
Earth Magic    | 1 |  1.5
Poison Magic   | 1 |  1.5
Fighting       | 3 |  3.2
Dodging        | 3 |  3.2
Stealth        | 3 |  3.1
Armour         | 5 |  5.0
Evocations     | |  6.8

Action                     |  1- 3 |  4- 6 || total
---------------------------+-------+-------++-------
  Melee: Club              |   102 |       ||   102
         Bite              |    18 |     8 ||    26
         Punch             |     2 |     1 ||     3
         Dagger            |    34 |    88 ||   122
  Evoke: Wand              |       |     7 ||     7
   Stab: Sleeping          |     3 |     4 ||     7
         Distracted        |     1 |       ||     1
 Armour: Leather armour    |    46 |    12 ||    58
  Dodge: Dodged            |   121 |    44 ||   165

Table legend: (Time is in decaauts)
 A = Elapsed time spent in this place.
 B = Non-inter-level travel time spent in this place.
 C = Inter-level travel time spent in this place.
 D = Time resting spent in this place.
 E = Time spent auto-exploring this place.
 F = Levels seen in this place.
 G = Mean time per level.
                   A        B        C        D        E       F      G
               +--------+--------+--------+--------+--------+-----+--------+
         Total |   3036 |   2965 |     71 |      0 |   2388 |   4 |  759.0 |
       Dungeon |   3036 |   2965 |     71 |      0 |   2388 |   4 |  759.0 |
               +--------+--------+--------+--------+--------+-----+--------+

Top non-repeatable levels by time:
     D:1: 838 daAuts
     D:4: 827 daAuts
     D:2: 776 daAuts
     D:3: 593 daAuts
